Map: Incognito LE

Players

Ocuburn

  • Race: Protoss Protoss
  • Spawn Location: 1:00

MrMaestro

  • Race: Zerg Zerg
  • Spawn Location: 1:00

Straylight

  • Race: Protoss Protoss
  • Spawn Location: 3:00

Wlodziu

  • Race: Zerg Zerg
  • Spawn Location: 7:00

Iceberg

  • Race: Protoss Protoss
  • Spawn Location: 9:00

Leon

  • Race: Zerg Zerg
  • League: Gold
  • Spawn Location: 7:00

VOD

Have the link to the VOD?

Description

Time

  • Played on: March 21, 2026, 5:03 p.m.
  • Length: 8:06
Show
View Real Time Build Order
Export as new Build Order

Ocuburn Protoss 

Build Orders: 1 Gate Expand 

Get SALT Encoding   

  12  0:01  Probe  
  13  0:13  Pylon  
  13  0:20  Probe  
  14  0:32  Probe  
  15  0:35  Gateway  
  15  0:44  Probe  
  16  0:56  Probe  
  17  1:08  Probe  
  18  1:16  Nexus  
  18  1:26  Cybernetics Core  
  18  1:31  Assimilator  
  18  1:34  Probe  
  19  1:42  Assimilator  
  19  1:46  Probe  
  20  1:59  Probe  
  21  2:11  Probe, Warp Gate  
  21  2:15  Pylon  
  22  2:23  Probe  
  22  2:24  Pylon  
  22  2:26  Twilight Council  
  23  2:35  Probe  
  24  2:47  Pylon  
  24  2:52  Charge  
  24  2:58  Probe x2  
  25  3:10  Probe x2  
  27  3:17  Gateway  
  27  3:18  Gateway  
  27  3:22  Probe  
  27  3:25  Gateway  
  28  3:32  Probe  
  29  3:37  Shield Battery  
  29  3:39  Probe  
  30  3:57  Probe  
  30  3:58  Probe  
  32  4:05  Pylon  
  32  4:09  Pylon, Probe  
  33  4:10  Probe  
  33  4:17  Gateway  
  34  4:19  Gateway  
  34  4:21  Probe  
  34  4:22  Probe  
  36  4:34  Probe  
  37  4:43  Zealot x4, Gateway  
  45  4:49  Pylon  
  45  4:54  Gateway  
  45  4:55  Pylon  
  45  5:04  Zealot x2  
  45  5:05  Zealot  
  51  5:16  Zealot x3  
  57  5:25  Zealot  
  57  5:26  Zealot x2  
  63  5:37  Zealot x3  
  63  5:39  Zealot  
  69  5:45  Zealot  
  69  5:46  Zealot  
  69  5:49  Zealot  
  55  6:15  Zealot x5  
  55  6:16  Zealot x3  
  41  6:42  Stalker x5  
  41  6:46  Stalker  
  49  7:02  Stalker x2  
  49  7:08  Stalker x3  
  59  7:16  Stalker  
  59  7:18  Stalker  
Show
View Real Time Build Order
Export as new Build Order

MrMaestro Zerg 

Build Orders: Hatch First 

Get SALT Encoding   

  12  0:01  Drone  
  13  0:08  Drone  
  14  0:17  Overlord  
  15  0:35  Drone x2  
  15  0:36  Drone  
  17  0:59  Drone  
  17  1:00  Drone  
  17  1:01  Hatchery  
  18  1:10  Drone  
  19  1:20  Drone  
  20  1:32  Drone  
  21  1:37  Spawning Pool  
  21  1:38  Extractor  
  19  1:41  Overlord  
  19  1:54  Drone  
  20  2:02  Drone  
  21  2:14  Drone  
  21  2:15  Drone  
  23  2:23  Queen x2  
  23  2:25  Drone x2  
  29  2:35  Drone x2  
  31  2:46  Metabolic Boost  
  31  2:48  Drone  
  31  2:49  Drone  
  33  3:07  Queen  
  33  3:08  Overlord  
  33  3:09  Overlord  
  35  3:14  Zergling x2  
  36  3:20  Spine Crawler  
  36  3:23  Queen, Spine Crawler  
  36  3:28  Drone x2  
  38  3:39  Drone x8  
  46  3:53  Zergling x2  
  46  3:54  Zergling x2  
  48  3:58  Zergling x4  
  48  4:02  Extractor  
  49  4:10  Roach Warren  
  49  4:15  Extractor  
  47  4:17  Zergling x2  
  47  4:18  Zergling x8, Overlord  
  47  4:19  Overlord  
  52  4:37  Lair  
  52  4:42  Zergling x4  
  52  4:43  Drone x2  
  56  4:54  Roach x2  
  60  5:22  Roach x3  
  60  5:23  Roach, Overlord x3  
  68  5:34  Extractor  
  67  5:36  Overlord x2  
  67  5:37  Overlord  
  67  5:57  Glial Reconstitution  
  67  6:02  Spore Crawler  
  66  6:04  Spore Crawler, Drone  
  66  6:05  Drone x7, Hatchery  
  63  6:27  Zergling x6  
  63  6:28  Zergling x10  
  56  7:02  Hydralisk Den  
  55  7:30  Drone  
  55  7:32  Drone x8  
  55  7:33  Drone x7  
  71  7:40  Spore Crawler  
  71  7:42  Spore Crawler  
  71  7:43  Spore Crawler  
  71  7:44  Spore Crawler  
Show
View Real Time Build Order
Export as new Build Order

Straylight Protoss 

Build Orders:  

Get SALT Encoding   

  12  0:00  Probe  
  13  0:14  Pylon  
  13  0:33  Gateway  
  13  0:36  Probe  
  14  0:48  Probe  
  15  1:00  Probe  
  16  1:08  Assimilator  
  16  1:12  Pylon, Probe  
  17  1:20  Cybernetics Core  
  17  1:24  Probe  
  18  1:36  Probe  
  18  1:39  Zealot  
  21  1:47  Warp Gate  
  21  1:48  Probe  
  22  2:02  Probe  
  23  2:08  Nexus  
  23  2:22  Gateway  
  23  2:27  Probe  
  23  2:29  Zealot  
  26  2:43  Gateway  
  26  2:46  Probe  
  27  2:56  Zealot  
  27  2:58  Twilight Council  
  29  3:02  Zealot  
  29  3:18  Pylon  
  29  3:21  Probe x2  
  31  3:37  Gateway  
  31  3:41  Zealot, Charge, Adept  
  33  3:43  Sentry  
  33  3:44  Probe  
  33  3:47  Probe  
  39  4:29  Pylon, Zealot x3  
  44  4:41  Zealot  
  44  4:42  Probe x2  
  48  4:46  Pylon  
  48  4:49  Pylon  
  48  4:54  Probe x2  
  48  4:55  Zealot  
  48  4:56  Sentry  
  54  5:00  Pylon  
  54  5:07  Assimilator  
  54  5:22  Probe  
  54  5:23  Probe  
  48  5:50  Zealot x4  
  44  6:19  Pylon  
  44  6:20  Gateway  
  44  6:23  Gateway  
  44  6:25  Gateway  
  44  6:27  Zealot  
  44  6:28  Zealot x3  
  52  6:39  Pylon  
  46  6:49  Stargate  
  44  6:56  Stargate  
  44  6:57  Forge  
  32  7:03  Zealot x4  
  40  7:12  Probe x2  
  42  7:24  Probe x2  
  44  7:39  Photon Cannon  
  44  7:40  Photon Cannon  
  44  7:41  Probe x2  
  48  7:48  Zealot  
  48  7:49  Zealot x2  
  48  7:53  Probe x2  
Show
View Real Time Build Order
Export as new Build Order

Wlodziu Zerg 

Build Orders: Hatch First 

Get SALT Encoding   

  12  0:16  Drone  
  12  0:17  Drone  
  12  0:18  Overlord  
  14  0:37  Drone  
  15  0:51  Hatchery  
  15  0:53  Drone  
  15  0:57  Drone, Extractor  
  15  1:07  Drone  
  16  1:19  Spawning Pool  
  16  1:20  Drone  
  16  1:23  Drone  
  17  1:33  Drone  
  18  1:43  Drone  
  19  2:09  Queen  
  19  2:10  Queen  
  19  2:12  Zergling x6  
  26  2:17  Overlord  
  26  2:19  Drone  
  27  2:44  Zergling x4  
  28  2:49  Metabolic Boost  
  29  2:53  Queen  
  31  2:58  Roach Warren  
  30  3:13  Drone x2  
  30  3:14  Drone x4  
  36  3:20  Evolution Chamber  
  36  3:23  Drone  
  36  3:33  Evolution Chamber  
  35  3:40  Drone  
  36  3:54  Lair  
  36  3:57  Zerg Missile Weapons Level 1  
  36  4:00  Extractor, Drone  
  36  4:01  Overlord x3  
  36  4:06  Extractor  
  35  4:19  Hatchery  
  34  4:29  Roach x3  
  40  4:43  Roach x2  
  40  4:44  Roach  
  46  5:00  Roach x4  
  54  5:08  Glial Reconstitution  
  54  5:16  Drone x2  
  54  5:17  Drone  
  57  5:31  Hydralisk Den  
  52  5:48  Roach  
  52  5:49  Roach x3  
  45  5:50  Zergling x2  
  31  6:06  Hydralisk x2  
  32  6:21  Hydralisk  
  32  6:45  Drone x6  
  38  7:05  Queen  
  38  7:07  Hydralisk  
  38  7:08  Hydralisk  
  44  7:24  Queen  
Show
View Real Time Build Order
Export as new Build Order

Iceberg Protoss 

Build Orders: 1 Gate Expand 

Get SALT Encoding   

  12  0:00  Probe  
  13  0:12  Probe  
  14  0:18  Pylon  
  14  0:24  Probe  
  15  0:36  Probe  
  15  0:39  Gateway  
  16  0:48  Probe  
  17  0:53  Assimilator  
  17  1:01  Probe  
  18  1:13  Probe  
  19  1:25  Probe  
  20  1:26  Cybernetics Core  
  20  1:39  Nexus  
  20  1:42  Probe  
  21  1:48  Assimilator  
  21  1:54  Pylon  
  21  1:57  Probe  
  22  2:08  Warp Gate  
  22  2:09  Stalker, Probe  
  25  2:22  Forge  
  25  2:25  Probe  
  26  2:40  Gateway  
  26  2:42  Stalker  
  26  2:50  Probe  
  29  2:57  Pylon  
  29  2:58  Probe  
  30  3:07  Probe x2  
  30  3:10  Protoss Ground Weapons Level 1  
  32  3:14  Pylon  
  32  3:15  Probe  
  33  3:26  Probe  
  34  3:32  Photon Cannon  
  34  3:34  Probe  
  35  3:38  Probe  
  36  3:46  Photon Cannon  
  36  3:47  Probe  
  37  3:50  Probe  
  37  3:53  Assimilator  
  38  3:59  Probe  
  38  4:00  Stalker  
  38  4:02  Probe  
  42  4:11  Pylon, Probe  
  42  4:14  Probe  
  44  4:23  Photon Cannon  
  44  4:26  Photon Cannon  
  44  4:27  Stalker  
  44  4:30  Stalker  
  48  4:32  Probe  
  49  4:39  Assimilator  
  49  4:40  Probe  
  50  4:49  Gateway  
  50  4:51  Gateway  
  50  4:54  Stalker  
  50  4:58  Probe  
  50  4:59  Probe  
  54  5:10  Probe  
  54  5:13  Gateway, Stalker  
  57  5:20  Twilight Council, Probe  
  58  5:22  Probe  
  58  5:24  Stalker  
  61  5:32  Pylon, Probe  
  61  5:34  Probe  
  47  5:44  Probe  
  47  5:48  Stalker x2  
  47  5:49  Stalker  
  54  5:50  Stalker  
  41  6:14  Stalker x3  
  41  6:15  Stalker  
  36  6:25  Stalker  
  35  6:49  Stalker x3  
  29  7:03  Stalker x2  
  29  7:04  Stalker  
  35  7:09  Probe  
  36  7:21  Probe  
  37  7:33  Probe  
  38  7:45  Probe  
  31  7:57  Stalker x5  
Show
View Real Time Build Order
Export as new Build Order

Leon Zerg 

Build Orders: Hatch First 

Get SALT Encoding   

  12  0:02  Drone  
  13  0:12  Overlord  
  13  0:17  Drone  
  14  0:30  Drone x2  
  14  0:34  Drone  
  17  0:54  Hatchery  
  16  0:58  Drone  
  16  1:01  Drone, Extractor  
  17  1:18  Spawning Pool  
  16  1:25  Drone  
  16  1:26  Drone  
  16  1:32  Drone  
  19  1:39  Drone  
  20  2:07  Queen x2  
  24  2:09  Zergling x4  
  26  2:20  Overlord  
  26  2:27  Extractor  
  25  2:32  Drone x2  
  25  2:33  Drone  
  28  2:45  Zergling x6  
  28  2:46  Zergling x2  
  32  2:56  Lair  
  31  3:13  Overlord  
  31  3:14  Drone x4  
  35  3:32  Drone x4, Overlord  
  39  4:02  Spire  
  39  4:05  Drone  
  39  4:06  Drone x5  
  39  4:07  Extractor  
  39  4:09  Hatchery  
  42  4:12  Extractor  
  41  4:40  Zergling x8  
  41  4:43  Drone x3  
  41  4:44  Drone x2  
  50  4:52  Zergling x2  
  51  4:54  Overlord  
  51  5:14  Overlord  
  51  5:16  Mutalisk  
  51  5:17  Mutalisk x3  
  59  5:25  Queen  
  61  5:43  Mutalisk  
  61  5:44  Mutalisk x4  
  62  6:00  Mutalisk  
  62  6:02  Mutalisk  
  66  6:22  Mutalisk  
  68  6:33  Mutalisk  
  67  7:01  Mutalisk x2  
  67  7:03  Mutalisk  
  67  7:07  Zergling x2  
  74  7:10  Overlord x5  
  73  7:41  Mutalisk  
  73  7:42  Mutalisk x2  
  75  7:46  Overseer  
Tags
 
Add a new tag
Caveats
  • Supply blocks, unpowered buildings, or Contaminate may cause inaccurate times.
  • Supply counts are checked every 10 seconds.